Map: [ESL] NeoHumanity

Players

herO - Winner!

  • Race: Protoss Protoss

Dark

  • Race: Zerg Zerg

Event: IEM Katowice 2023

VOD

Have the link to the VOD?

Description

Time

  • Played on: Feb. 12, 2023, 10:04 a.m.
  • Length: 11:25

All games in this series

Show
View Real Time Build Order
Export as new Build Order

herO Protoss - Winner!

Build Orders: 1 Gate Expand, Oracle Opening 

Get SALT Encoding   

  12  0:00  Probe  
  13  0:14  Pylon  
  13  0:17  Probe (Chrono Boost)  
  14  0:26  Probe (Chrono Boost)  
  15  0:31  Probe (Chrono Boost)  
  16  0:41  Gateway  
  16  0:43  Probe  
  16  0:47  Assimilator  
  17  0:55  Probe  
  18  1:07  Probe  
  19  1:19  Probe  
  20  1:29  Nexus  
  20  1:36  Cybernetics Core  
  20  1:37  Probe  
  21  1:45  Assimilator  
  21  1:49  Probe  
  22  1:54  Pylon  
  22  2:01  Probe  
  23  2:12  Adept  
  23  2:13  Probe (Chrono Boost)  
  26  2:15  Stargate  
  27  2:23  Probe (Chrono Boost)  
  27  2:25  Warp Gate  
  27  2:28  Probe (Chrono Boost)  
  28  2:41  Probe (Chrono Boost)  
  28  2:42  Stalker  
  32  2:45  Probe (Chrono Boost)  
  32  2:50  Probe (Chrono Boost)  
  33  2:53  Probe (Chrono Boost)  
  33  2:55  Probe (Chrono Boost)  
  35  2:59  Oracle (Chrono Boost)  
  35  3:04  Probe  
  39  3:09  Probe  
  39  3:12  Adept  
  42  3:15  Pylon  
  42  3:16  Probe  
  43  3:21  Gateway, Probe  
  44  3:30  Probe  
  44  3:31  Oracle (Chrono Boost)  
  44  3:33  Probe  
  49  3:46  Nexus  
  49  3:50  Pylon  
  49  3:53  Probe x2  
  51  3:59  Oracle (Chrono Boost)  
  54  4:06  Assimilator  
  54  4:08  Assimilator, Probe x2  
  56  4:12  Adept  
  56  4:17  Pylon, Adept  
  60  4:25  Probe x2  
  62  4:37  Probe x2  
  62  4:38  Twilight Council  
  64  4:39  Forge  
  64  4:40  Adept x2  
  68  4:49  Probe x2  
  70  4:56  Pylon, Robotics Facility  
  70  5:01  Probe (Chrono Boost)  
  70  5:03  Probe (Chrono Boost)  
  70  5:04  Probe (Chrono Boost)  
  73  5:12  Probe (Chrono Boost)  
  73  5:13  Probe (Chrono Boost)  
  76  5:14  Probe (Chrono Boost)  
  76  5:15  Shield Battery  
  76  5:16  Pylon  
  76  5:18  Probe (Chrono Boost)  
  76  5:19  Probe (Chrono Boost)  
  76  5:20  Probe (Chrono Boost)  
  79  5:25  Protoss Ground Weapons Level 1 (Chrono Boost)  
  79  5:28  Blink, Probe  
  78  5:31  Probe  
  78  5:32  Probe  
  78  5:33  Stalker x2  
  82  5:39  Assimilator  
  82  5:40  Probe  
  82  5:41  Assimilator  
  83  5:43  Observer  
  84  5:55  Probe x2  
  84  5:56  Probe  
  84  5:58  Robotics Bay  
  84  6:00  Robotics Facility  
  84  6:01  Warp Prism (Chrono Boost)  
  84  6:06  Stalker x2  
  84  6:11  Probe x2  
  92  6:12  Probe  
  93  6:20  Pylon  
  93  6:21  Gateway x2  
  93  6:25  Nexus  
  93  6:32  Gateway  
  93  6:34  Gateway  
  93  6:39  Stalker x2  
  103  6:47  Colossus (Chrono Boost)  
  103  6:48  Colossus (Chrono Boost)  
  103  6:53  Extended Thermal Lance  
  109  6:58  Shield Battery  
  109  6:59  Pylon  
  109  7:01  Pylon  
  109  7:02  Pylon  
  109  7:04  Pylon  
  109  7:09  Protoss Ground Weapons Level 2 (Chrono Boost)  
  106  7:16  Probe  
  107  7:27  Stalker x2  
  107  7:29  Colossus x2 (Chrono Boost)  
  123  7:39  Gateway  
  123  7:43  Stalker x3  
  129  7:51  Stalker x2  
  129  7:59  Stalker  
  129  8:02  Gateway  
  127  8:08  Stalker x3  
  133  8:16  Stalker x2  
  137  8:23  Stalker  
  120  8:36  Pylon  
  118  8:42  Stalker x6  
  130  8:53  Stalker  
  132  8:59  Probe  
  132  9:00  Probe x2  
  132  9:01  Probe  
  136  9:05  Stalker x6  
  148  9:11  Gateway  
  148  9:12  Pylon  
  144  9:36  Stalker x7  
  152  9:59  Stalker x6  
  164  10:00  Observer  
  149  10:08  Stalker  
  149  10:11  Stalker  
  153  10:25  Pylon x2, Stalker x5  
  153  10:36  Stalker x3  
  125  10:50  Stalker x5  
  129  11:16  Stalker x2  
  129  11:17  Stalker x6  
Show
View Real Time Build Order
Export as new Build Order

Dark Zerg 

Build Orders: Hatch First, Swarm Host 

Get SALT Encoding   

  12  0:00  Drone  
  13  0:12  Overlord  
  13  0:17  Drone  
  14  0:30  Drone x2  
  14  0:34  Drone  
  17  0:52  Hatchery  
  17  0:55  Drone  
  17  0:58  Drone  
  18  1:08  Extractor  
  17  1:13  Spawning Pool  
  17  1:15  Drone  
  17  1:18  Drone  
  18  1:27  Drone  
  19  1:39  Drone  
  20  1:51  Drone  
  21  2:00  Zergling x2  
  22  2:03  Queen x2  
  22  2:04  Zergling x2  
  27  2:08  Metabolic Boost  
  27  2:14  Overlord  
  27  2:17  Drone  
  28  2:33  Drone x3  
  31  2:38  Hatchery  
  30  2:44  Queen  
  30  2:50  Overlord  
  32  2:54  Drone  
  32  2:55  Zergling x2  
  32  2:57  Drone  
  34  3:07  Overlord  
  34  3:08  Queen  
  35  3:16  Drone x3  
  35  3:17  Drone  
  39  3:23  Queen  
  41  3:27  Zergling x2  
  41  3:30  Drone x2  
  41  3:32  Drone  
  45  3:34  Drone  
  46  3:43  Overlord  
  46  3:44  Queen  
  46  3:47  Drone  
  49  3:54  Queen  
  49  3:55  Drone x3  
  52  4:01  Overlord  
  54  4:03  Zergling x4  
  54  4:06  Spore Crawler  
  54  4:09  Spore Crawler  
  54  4:10  Zergling x2  
  54  4:11  Zergling x2  
  54  4:13  Drone  
  57  4:17  Overlord  
  57  4:23  Drone x4  
  61  4:25  Drone  
  61  4:26  Drone  
  61  4:28  Drone  
  64  4:33  Drone x2  
  64  4:34  Drone  
  64  4:37  Spore Crawler  
  64  4:39  Drone x2  
  64  4:41  Drone  
  64  4:45  Drone x2  
  69  4:47  Drone x2  
  71  4:54  Lair  
  71  4:55  Drone x2  
  71  4:56  Extractor  
  71  4:58  Drone  
  73  5:02  Overlord  
  73  5:03  Overlord  
  73  5:05  Overlord  
  73  5:07  Overlord  
  73  5:12  Overlord  
  73  5:14  Roach Warren  
  73  5:18  Evolution Chamber  
  73  5:19  Extractor  
  73  5:20  Extractor  
  69  5:22  Zergling x6  
  69  5:26  Drone x2  
  69  5:27  Drone x4  
  77  5:30  Drone x3  
  77  5:34  Drone  
  81  5:39  Drone x4  
  81  5:42  Extractor  
  84  5:44  Extractor  
  84  5:46  Drone x2  
  84  5:47  Drone  
  86  5:53  Drone x4  
  86  5:57  Zerg Missile Weapons Level 1  
  90  5:59  Glial Reconstitution  
  90  6:01  Roach  
  90  6:02  Roach  
  90  6:03  Roach  
  96  6:13  Roach x2  
  96  6:16  Drone  
  101  6:18  Hatchery  
  101  6:20  Infestation Pit  
  101  6:21  Overlord  
  101  6:22  Overlord x2  
  99  6:28  Roach x2  
  103  6:41  Roach x4  
  103  6:46  Overlord x2  
  111  6:48  Zergling x8  
  111  6:49  Zergling x6  
  111  6:51  Overlord  
  118  6:58  Roach x3  
  123  7:03  Roach x4  
  131  7:16  Nydus Network, Swarm Host  
  131  7:17  Swarm Host x7  
  131  7:19  Drone  
  154  7:23  Swarm Host  
  154  7:24  Drone  
  154  7:25  Drone  
  154  7:28  Extractor, Swarm Host  
  154  7:29  Extractor  
  160  7:34  Drone x2, Swarm Host  
  164  7:40  Zergling x10  
  168  7:47  Overlord x4  
  167  7:53  Nydus Canal  
  167  7:57  Zerg Missile Weapons Level 2  
  166  8:04  Spore Crawler  
  164  8:06  Overlord  
  164  8:08  Roach x8  
  164  8:09  Roach  
  164  8:12  Roach x2  
  184  8:20  Swarm Host  
  184  8:21  Swarm Host x3  
  196  8:31  Ravager  
  196  8:32  Ravager  
  196  8:34  Ravager  
  199  8:35  Hive  
  198  8:43  Roach  
  199  8:53  Ravager  
  199  9:10  Spine Crawler  
  199  9:11  Spine Crawler  
  197  9:19  Roach  
  195  9:28  Roach x4  
  199  9:34  Roach x2  
  199  9:41  Spine Crawler x2  
  199  9:42  Ravager x2  
  197  9:55  Roach x2  
  193  10:02  Roach x8  
  193  10:06  Roach x11  
  198  10:12  Roach x2  
  200  10:16  Ravager x2  
  198  10:22  Roach  
  200  10:35  Roach x11  
  200  10:37  Roach  
  171  10:43  Roach x10  
  171  10:48  Roach  
  165  10:50  Roach x2  
  165  10:54  Roach  
  153  11:00  Roach x2  
  153  11:03  Roach  
  147  11:05  Roach  

Tags
 
Add a new tag
Caveats
  • Supply blocks, unpowered buildings, or Contaminate may cause inaccurate times.
  • Supply counts are checked every 10 seconds.